 Dungeon Crawl Stone Soup version 0.31-a0-210-gccc998df9b (webtiles) character file.

Game seed: 120628938242294162

3157 lunkers the Geomancer (level 10, -5/77 HPs)
             Began as a Meteoran Wanderer on June 28, 2023.
             Was a Believer of Vehumet.
             Slain by an orc knight
             ... wielding a +0 war axe
              (27 damage)
             ... in a bailey on June 29, 2023.
             The game lasted 00:12:56 (2862 turns).

lunkers the Geomancer (Meteoran Wanderer)           Turns: 2862, Time: 00:12:57

Health: -5/77      AC:  7    Str: 18    XL:     10   Next: 37%
Magic:  6/22       EV: 16    Int: 22    God:    Vehumet [**....]
Gold:   225        SH:  0    Dex: 12    Spells: 20/24 levels left

rFire   + . .        i - +4 dagger (venom)
rCold   . . .        (no shield)
rNeg    . . .        j - +2 animal skin
rPois   .            k - +2 helmet "Benehut" {rF+}
rElec   .            (no cloak)
rCorr   .            (no gloves)
SInv    .            (no boots)
Will    +....        n - amulet of the acrobat
Stlth   +            m - +6 ring of strength
HPRegen 0.32/turn    q - +5 ring of evasion
MPRegen 0.18/turn

%: acrobat
@: about to teleport, glowing
A: sense surroundings 2, otherworldly, glowing, explore regen
a: Renounce Religion


You were in a bailey.
You worshipped Vehumet.
Vehumet was pleased with you.
You visited 2 branches of the dungeon, and saw 8 of its levels.
You also visited: Bailey.

You collected 225 gold pieces.

Inventory:

Hand Weapons
 i - a +4 dagger of venom (weapon)
Missiles
 l - 4 throwing nets
Armour
 j - a +2 animal skin (worn)
 k - the +2 helmet "Benehut" (worn) {rF+}
   (You took it off Robin on level 2 of the Dungeon)

   rF:        It protects you from fire.
Jewellery
 m - a +6 ring of strength (left hand)
 n - an amulet of the acrobat (around neck)
 q - a +5 ring of evasion (right hand)
Wands
 r - a wand of flame (30)
Scrolls
 c - a scroll of teleportation
 d - 2 scrolls of fog
 f - a scroll of revelation
Potions
 a - 2 potions of might
 b - a potion of attraction
 e - a potion of ambrosia
 g - 3 potions of curing
 o - a potion of haste
 p - a potion of cancellation
 s - a potion of enlightenment
 t - a potion of mutation {unknown}
 v - 2 potions of magic
 x - a potion of experience {unknown}


   Skills:
 - Level 3.2 Fighting
 - Level 1.2 Armour
 - Level 1.0 Stealth
 + Level 7.7 Spellcasting
 * Level 9.9 Conjurations
 * Level 10.9 Earth Magic


You had 20 spell levels left.
You knew the following spells:

 Your Spells              Type           Power      Damage    Failure   Level
a - Sandblast             Erth           100%       2d20      1%          1
b - Stone Arrow           Conj/Erth      100%       3d13      1%          3

Your spell library contained the following spells:

 Spells                   Type           Power      Damage    Failure   Level
 Momentum Strike          Conj/Tloc      60%        3d9       1%          2
 Foxfire                  Conj/Fire      100%       2x1d9     1%          1
 Magic Dart               Conj           100%       1d8       1%          1
 Searing Ray              Conj           100%       2d8       1%          2
 Apportation              Tloc           16%        N/A       8%          1
 Necrotise                Necr           32%        1d5       8%          1
 Summon Small Mammal      Summ           32%        N/A       8%          1
 Animate Armour           Summ/Erth      64%        N/A       8%          4
 Call Canine Familiar     Summ           8%         N/A       22%         3
 Summon Guardian Golem    Hex/Summ       8%         N/A       22%         3
 Borgnjor's Vile Clutch   Necr/Erth      16%        N/A       22%         5
 Animate Dead             Necr           8%         N/A       58%         4
 Death Channel            Necr           4%         N/A       100%        6
 Lehudib's Crystal Spear  Conj/Erth      26%        10d7      100%        8


Dungeon Overview and Level Annotations

Branches:
Dungeon (7/15) Zot: 1487   Temple (1/1) D:4 Zot: 526  Bailey (1/1) Zot: 382

Altars:
Dithmenos
Elyvilon
Makhleb
Nemelex Xobeh
Okawaru
Ru
Trog
Vehumet
Xom
Zin
The Shining One

Shops:
D:3 :

Annotations:
D:5 2 runed translucent doors, hgbash's ghost, novice DECj


Innate Abilities, Weirdness & Mutations

You passively map the area around you.
You are easily found by Zot.
You glow in the dark.
You regain HP and MP as you explore.


Message History

Unknown command.
Casting: Stone Arrow (safe; 1% risk of failure)
Confirm with . or Enter, or press ? or * to list all spells.
Aiming: Stone Arrow (safe; 1% risk of failure)
Press: ? - help, Shift-Dir - straight line, f - gnoll
Aim: a gnoll, wielding a +0 hand axe and wearing a +0 leather armour (81% to hit)
The stone arrow hits the gnoll!
You kill the gnoll!
Vehumet accepts your kill.
* * * LOW MAGIC WARNING * * *
The gnoll closely misses you.
Unknown command.
The gnoll completely misses you.
Items here: )) [[ †.
You hit the orc knight but do no damage.
The orc knight is poisoned.
The orc knight no longer looks unusually strong.
The orc warlord no longer looks unusually strong.
The orc knight hits you with a +0 war axe!!
* * * LOW HITPOINT WARNING * * *
The gnoll closely misses you.
The orc warlord roars a battlecry!
The orc knight goes into a battle-frenzy!
Aiming: Sandblast (safe; 1% risk of failure)
Press: ? - help, Q - select action, (/) - cycle Shift-Dir - straight line, f - orc knight
Aim: an orc knight, wielding a +0 war axe and wearing a +0 scale mail (strong, very poisoned, 82% to hit)
Okay, then.
As you read the scroll of teleportation, it crumbles to dust.
You feel strangely unstable. The orc knight closely misses you.
Unknown command.
The gnoll attacks as you move away! The gnoll completely misses you.
The orc knight attacks as you move away!
The orc knight completely misses you.
The orc knight suddenly cheers.
Your surroundings seem slightly different.
The orc knight completely misses you.
As you read the scroll of teleportation, it crumbles to dust.
You feel strangely unstable.
The orc knight hits you with a +0 war axe!!
You die...

....# ....# ....#
)).### ♣♣♣♣♣♣
.#)#.### ♣♣.♣♣.♣♣
##.)...###♣♣......♣
...).....##.......♣♣
......[...#........♣
..........'.....@..♣
....).....'..∩)og.♣♣
..........'....oo.♣
..........#.......♣
.........##......♣♣
##.....###♣.♣....♣
#+#.### ♣♣♣.♣♣♣♣ ##
♣♣♣ , *


You could see an orc warlord, 2 orc knights and a gnoll.

Vanquished Creatures
  2 orc knights (Bailey)
  A water moccasin (D:6)
  9 orc warriors
  An ogre (D:5)
  A black bear (D:6)
  A centaur (D:5)
  A phantom (D:5)
  A bullfrog (D:6)
  3 scorpions
  A jelly (D:4)
  2 orc priests (D:6)
  3 hounds
  A gnoll bouda (D:4)
  Jessica (D:2)
  2 orc wizards (D:3)
  2 iguanas
  Robin (D:2)
  26 gnolls
  5 adders
  A shadow imp (D:7)
  An ufetubus (D:4)
  A worm (D:3)
  A dart slug (D:4)
  25 orcs
  9 bats
  3 endoplasms
  2 giant cockroaches
  11 hobgoblins
  3 jackals (D:2)
  4 quokkas
  10 ball pythons
  7 frilled lizards
  22 goblins
  6 kobolds
  3 rats
173 creatures vanquished.

Notes
Turn   | Place    | Note
-------+----------+-------------------------------------------
     0 | D:1      | lunkers the Meteoran Wanderer began the quest for the Orb.
     0 | D:1      | lunkers set off with the following items: a +0 dagger, a
                  | potion of attraction, a +0 robe, a scroll of fog; and the
                  | following spells available to memorise: Magic Dart, Searing
                  | Ray, Foxfire, Sandblast, Stone Arrow.
     0 | D:1      | Reached XP level 1. HP: 19/19 MP: 3/3
     2 | D:1      | Learned a level 1 spell: Sandblast
   104 | D:1      | Reached XP level 2. HP: 24/26 MP: 0/5
   135 | D:1      | Reached skill level 2 in Earth Magic
   230 | D:1      | Reached XP level 3. HP: 31/31 MP: 5/7
   375 | D:1      | Found a faded altar of an unknown god.
   446 | D:2      | Noticed Jessica
   454 | D:2      | Reached skill level 3 in Earth Magic
   469 | D:2      | Killed Jessica
   470 | D:2      | Reached XP level 4. HP: 9/38 MP: 0/9
   522 | D:2      | Identified the +2 helmet "Benehut" {rF+}
   522 | D:2      | Noticed Robin
   546 | D:2      | Killed Robin
   547 | D:2      | Reached skill level 4 in Earth Magic
   707 | D:2      | Reached XP level 5. HP: 45/45 MP: 8/10
   843 | D:3      | Reached skill level 5 in Earth Magic
   843 | D:3      | Reached XP level 6. HP: 51/51 MP: 9/12
  1028 | D:3      | Reached skill level 6 in Earth Magic
  1049 | D:3      | Learned a level 3 spell: Stone Arrow
  1171 | D:3      | Found Bischagusm's Book Boutique.
  1290 | D:4      | Found a staircase to the Ecumenical Temple.
  1313 | Temple   | Entered the Ecumenical Temple
  1366 | Temple   | Became a worshipper of Vehumet
  1475 | D:4      | Reached XP level 7. HP: 57/57 MP: 12/14
  1816 | D:5      | Entered Level 5 of the Dungeon
  2007 | D:5      | Reached skill level 5 in Conjurations
  2007 | D:5      | Reached skill level 7 in Earth Magic
  2010 | D:5      | Reached XP level 8. HP: 46/63 MP: 13/16
  2061 | D:5      | Reached skill level 5 in Spellcasting
  2181 | D:5      | Found a large runed translucent door.
  2181 | D:5      | Found a large runed translucent door.
  2186 | D:5      | Noticed hgbash's ghost (novice DECj)
  2239 | D:6      | Reached * piety under Vehumet
  2239 | D:6      | Offered knowledge of Shock by Vehumet.
  2281 | D:6      | Reached skill level 8 in Earth Magic
  2352 | D:6      | Gained mutation: You passively map the area around you.
                  | [Meteoran growth]
  2352 | D:6      | Reached XP level 9. HP: 70/70 MP: 11/18
  2517 | D:6      | Reached skill level 9 in Earth Magic
  2652 | D:7      | Found a flagged portal.
  2668 | Bailey   | Entered a bailey
  2724 | Bailey   | Offered knowledge of Momentum Strike by Vehumet.
  2729 | Bailey   | Reached ** piety under Vehumet
  2748 | Bailey   | Noticed an orc knight
  2755 | Bailey   | Killed an orc knight
  2756 | Bailey   | Reached skill level 10 in Earth Magic
  2756 | Bailey   | Reached XP level 10. HP: 69/77 MP: 10/21
  2806 | Bailey   | Noticed an orc knight
  2806 | Bailey   | Noticed an orc warlord
  2808 | Bailey   | Noticed an orc knight
  2808 | Bailey   | Noticed an orc knight
  2847 | Bailey   | Upgraded the game from 0.31-a0-208-gdb31a4691d to
                  | 0.31-a0-210-gccc998df9b
  2854 | Bailey   | Killed an orc knight
  2862 | Bailey   | Slain by an orc knight

Illustrated notes

Levels and vault maps discovered:
D:1:      dpeg_arrival_water_temple_mockup, layout_rooms,
          shapermc_ecumenical_altar_mp_vishouse
D:2:      layout_basic, uniq_jessica, uniq_crazy_yiuf_cottage, uniq_robin
D:3:      layout_basic, serial_shops, shop
D:4:      layout_loops_corners, minmay_temple_entry_large_hall, serial_forest,
          infiniplex_forest_corner_1, infiniplex_forest_fountain,
          infiniplex_forest_straight_4, infiniplex_forest_lined_room_2,
          infiniplex_forest_clump_double, infiniplex_forest_zigzag_1,
          infiniplex_forest_end_1
D:5:      layout_basic, lemuel_mausoleum_altar_kikubaaqudgha,
          ebering_ghost_disaster_area, nicolae_hexahallways,
          dreamdust_gnoll_farm, uniq_blork_the_orc
D:6:      layout_loops_ring, lemuel_flamethrower_2
D:7:      cheibrodos_statue_roulette, layout_basic, mainiacjoe_overflow_catwalk,
          enter_bailey_5, chequers_serial_rivers_small_a
Temple:   hellmonk_temple_of_storms
Bailey:   bailey_axe_minmay_hex_keep, bailey

Skill      XL: |  1  2  3  4  5  6  7  8  9 |
---------------+----------------------------+-----
Earth Magic    | 2 3 4 5 6 7 8 10 | 10.9
Spellcasting   | 2 3 4 5 7 |  7.7
Conjurations   | 5 6 9 |  9.9
Fighting       | |  3.2
Armour         | |  1.2
Stealth        | |  1.0

Action                     |  1- 3 |  4- 6 |  7- 9 | 10-12 || total
---------------------------+-------+-------+-------+-------++-------
  Melee: Dagger            |       |    12 |       |     1 ||    13
   Cast: Sandblast         |    48 |    96 |   117 |    12 ||   273
         Stone Arrow       |       |       |    15 |     8 ||    23
    Use: Scroll            |       |     8 |     3 |     6 ||    17
 Armour: Robe              |    10 |     5 |       |       ||    15
         Animal skin       |       |    11 |    15 |       ||    26
  Dodge: Dodged            |    15 |    31 |    51 |    18 ||   115

Table legend: (Time is in decaauts)
 A = Elapsed time spent in this place.
 B = Non-inter-level travel time spent in this place.
 C = Inter-level travel time spent in this place.
 D = Time resting spent in this place.
 E = Time spent auto-exploring this place.
 F = Levels seen in this place.
 G = Mean time per level.
                   A        B        C        D        E       F      G
               +--------+--------+--------+--------+--------+-----+--------+
         Total |   3002 |   2868 |    134 |      0 |   1817 |   9 |  333.6 |
       Dungeon |   2712 |   2589 |    123 |      0 |   1755 |   7 |  387.4 |
        Temple |     73 |     62 |     11 |      0 |     24 |   1 |   73.0 |
        Bailey |    216 |    216 |      0 |      0 |     38 |   1 |  216.0 |
               +--------+--------+--------+--------+--------+-----+--------+

Top non-repeatable levels by time:
     D:4: 565 daAuts
     D:2: 494 daAuts
     D:6: 434 daAuts
     D:5: 429 daAuts
     D:1: 390 daAuts
     D:3: 377 daAuts
  Bailey: 216 daAuts
  Temple: 73 daAuts
     D:7: 20 daAuts
